 Dungeon Crawl Stone Soup version 0.23-b1-86-gba62f8e092 (webtiles) character file.

Game seed: 10798262088676607809

124 Laan the Magician (level 4, 0/30 HPs)
             Began as a Mummy Ice Elementalist on Feb 8, 2019.
             Slain by an orc wizard
             ... wielding a +0 dagger
              (1 damage)
             ... on level 4 of the Dungeon.
             The game lasted 00:08:28 (4362 turns).

Laan the Magician (Mummy Ice Elementalist)          Turns: 4362, Time: 00:08:29

Health: 0/30       AC:  2    Str: 11    XL:     4   Next: 81%
Magic:  1/10       EV: 11    Int: 15    God:
Gold:   115        SH:  5    Dex: 12    Spells: 8/11 levels left

rFire    x . .     SeeInvis .   j - +1 morningstar (protect)
rCold    + . .     Gourm    .   l - +2 buckler
rNeg     + + +     Faith    .   a - +0 robe
rPois    ∞         Spirit   .   (no helmet)
rElec    .         Reflect  .   (no cloak)
rCorr    .         Harm     .   (no gloves)
MR       .....                  (no boots)
Stlth    ++........             (no amulet)
HPRegen  0.10/turn              (no ring)
MPRegen  0.12/turn              (no ring)

@: very slightly contaminated
A: no food or potions, fire vulnerability, cold resistance 1, negative energy
resistance 3, torment resistance, unbreathing
a: no special abilities


You were on level 4 of the Dungeon.
You were not hungry.

You visited 1 branch of the dungeon, and saw 4 of its levels.

You collected 115 gold pieces.

Inventory:

Hand Weapons
 b - a +0 short sword
 d - a +0 whip of pain
 j - a +1 morningstar of protection (weapon)
Missiles
 f - 86 stones (quivered)
 p - 46 sling bullets
Armour
 a - a +0 robe (worn)
 h - a +0 large shield
 l - a +2 buckler (worn)
Wands
 o - a wand of iceblast (9)
Scrolls
 c - 5 scrolls of identify {unknown}
 e - 3 scrolls of amnesia {unknown}
 g - 4 scrolls of immolation {unknown}
 i - a scroll of teleportation {unknown}
 k - a scroll of fear {unknown}
 m - a scroll of enchant armour {unknown}
 n - a scroll of blinking {unknown}


   Skills:
 - Level 1.5 Dodging
 - Level 1.5 Stealth
 * Level 1.1 Shields
 + Level 4.4 Spellcasting
 * Level 2.6 Conjurations
 - Level 2.4 Ice Magic


You had 8 spell levels left.
You knew the following spells:

 Your Spells              Type           Power        Failure   Level  Hunger
a - Freeze                Ice            ##..         9%          1    N/A
b - Throw Frost           Conj/Ice       ##....       13%         2    N/A

Your spell library contained the following spells:

 Spells                   Type           Power        Failure   Level  Hunger
 Sticks to Snakes         Tmut           #.......     36%         2    N/A
 Ozocubu's Armour         Chrm/Ice       #.......     41%         3    N/A
 Throw Icicle             Conj/Ice       ##......     65%         4    N/A
 Summon Ice Beast         Ice/Summ       #.......     83%         4    N/A
 Beastly Appendage        Tmut           Unusable     N/A         1    N/A
 Spider Form              Tmut/Pois      Unusable     N/A         3    N/A
 Ice Form                 Ice/Tmut       Unusable     N/A         4    N/A
 Blade Hands              Tmut           Unusable     N/A         5    N/A

Dungeon Overview and Level Annotations

Branches:
Dungeon (4/15)
 Temple: D:4-7

Altars:

Annotations:
D:3 H0rd4k's ghost, amateur HuAr


Innate Abilities, Weirdness & Mutations

You do not eat or drink.
Your flesh is vulnerable to fire.
You are immune to poison.
Your flesh is cold resistant. (rC+)
You are immune to negative energy. (rN+++)
You are immune to unholy pain and torment.
You can survive without breathing.


Message History

Aiming: Freeze (safe; 9% risk of failure)
Press: ? - help, Shift-Dir - straight line You miscast Freeze.
You shiver with cold.
Something hits you.
Casting: Freeze (safe; 9% risk of failure)
Confirm with . or Enter, or press ? or * to list all spells.
You don't have enough magic to cast that spell.
You closely miss something. Something hits you but does no damage.
You hear some strange, mumbled words.
A puff of flame appears from out of thin air!
The puff of flame hits you! The fire burns you terribly!
* * * LOW HITPOINT WARNING * * *
Unknown command.
Casting: Freeze (safe; 9% risk of failure)
Confirm with . or Enter, or press ? or * to list all spells.
You don't have enough magic to cast that spell.
You barely miss something.
Something hits you but does no damage. x2
You barely miss something. Something hits you.
* * * LOW HITPOINT WARNING * * *
You miss something. Something hits you.
You die...

.... .... #.## ....
..... #..# .... ....##
..## ..... .....# #..#
..... .....## #..##
...... ......#
#...##...... ......##
#...#.......
.......######.[.@{......
..........##.........###
......#...............#
....####...............#
..### ##...............
.## ##.............. .#
##............... .#
##..#.............
.######.####...####...


There were no monsters in sight!

Vanquished Creatures
  A centaur skeleton (D:4)
  An adder (D:3)
  2 worms
  3 dart slugs (D:1)
  2 leopard geckos (D:1)
  7 orcs
  2 ball pythons
  A giant cockroach (D:3)
  6 goblins
  6 hobgoblins
  4 jackals (D:2)
  3 quokkas
  4 bats
  4 frilled lizards
  12 kobolds
  A rat (D:1)
59 creatures vanquished.

Notes
Turn   | Place    | Note
-------+----------+-------------------------------------------
     0 | D:1      | Laan the Mummy Ice Elementalist began the quest for the
                  | Orb.
     0 | D:1      | Reached XP level 1. HP: 13/13 MP: 4/4
    34 | D:1      | Reached skill level 3 in Spellcasting
   432 | D:1      | Reached XP level 2. HP: 19/19 MP: 3/6
   465 | D:1      | Learned a level 2 spell: Throw Frost
   655 | D:1      | Reached skill level 1 in Conjurations
  1226 | D:1      | Reached XP level 3. HP: 24/24 MP: 5/8
  1807 | D:2      | Reached skill level 4 in Spellcasting
  3020 | D:3      | Reached XP level 4. HP: 25/30 MP: 5/10
  3564 | D:3      | Found a runed translucent door.
  3567 | D:3      | Noticed H0rd4k's ghost (amateur HuAr)
  4227 | D:4      | Reached skill level 1 in Shields
  4359 | D:4      | HP: 1/30 [something/puff of flame (9)]
  4362 | D:4      | Slain by an orc wizard

Skill      XL: |  1  2  3  4 |
---------------+-------------+-----
Spellcasting   | 3 4 |  4.4
Conjurations   | 1 2 |  2.6
Shields        | 1 |  1.1
Dodging        | |  1.5
Stealth        | |  1.5
Ice Magic      | |  2.4

Action                   |  1- 3 |  4- 6 || total
-------------------------+-------+-------++-------
Melee: Short sword       |     4 |       ||     4
       Whip              |    25 |       ||    25
       Morningstar       |       |    11 ||    11
Throw: Stone             |    12 |     3 ||    15
 Cast: Freeze            |    78 |    46 ||   124
 Stab: Sleeping          |     3 |       ||     3
Armor: Robe              |    13 |     7 ||    20
Dodge: Dodged            |    52 |    17 ||    69
Block: Buckler           |       |    11 ||    11
